 Dungeon Crawl Stone Soup version 0.31-a0-188-g5e087ee2ca (webtiles) character file.

Game seed: 16519122221772050950

457 qw the Skirmisher (level 6, -8/35 HPs)
             Began as a Deep Elf Hunter on June 23, 2023.
             Mangled by a two-headed ogre
             ... wielding a +0 giant spiked club
              (39 damage)
             ... on level 6 of the Dungeon.
             The game lasted 00:01:26 (3662 turns).

qw the Skirmisher (Deep Elf Hunter)                 Turns: 3662, Time: 00:01:27

Health: -8/35      AC:  4    Str: 10    XL:     6   Next: 77%
Magic:  8/8        EV: 13    Int: 14    God:
Gold:   240        SH:  0    Dex: 18    Spells: 5/5 levels left

rFire   + + +        Y - +3 shortbow
rCold   . . .        (shield currently unavailable)
rNeg    . . .        j - +1 leather armour of the Spheres {*Slow rF+++}
rPois   .            c - +0 helmet
rElec   .            (no cloak)
rCorr   .            k - +0 pair of gloves
SInv    .            (no boots)
Will    .....        i - amulet of the acrobat
Stlth   ++           (no ring)
HPRegen 0.25/turn    (no ring)
MPRegen 0.11/turn

%: slow self (1%), acrobat
@: no status effects
A: deformed body, screaming 1
a: no special abilities


You were on level 6 of the Dungeon.
You visited 1 branch of the dungeon, and saw 6 of its levels.

You collected 240 gold pieces.


Innate Abilities, Weirdness & Mutations

Armour fits poorly on your strangely shaped body.
You occasionally shout uncontrollably at your foes.


   Skills:
 - Level 2.0 Fighting
 - Level 10.3 Ranged Weapons
 + Level 3.1 Dodging
 - Level 1.2 Stealth


You had 5 spell levels left.
You didn't know any spells.
Your spell library was empty.

Inventory:

Hand Weapons
 Y - a +3 shortbow (weapon)
Armour
 b - a +0 ring mail
 c - a +0 helmet (worn)
 j - the +1 leather armour of the Spheres (worn) {*Slow rF+++}
   (You found it on level 4 of the Dungeon)

   rF:        It renders you almost immune to fire.
   *Slow:     It may slow you when you take damage.
 k - a +0 pair of gloves (worn)
Jewellery
 i - an amulet of the acrobat (around neck)
Scrolls
 a - a scroll of identify
Potions
 e - 2 potions of mutation
 g - a potion of heal wounds
 h - a potion of curing

Dungeon Overview and Level Annotations

Branches:
Dungeon (6/15)
 Temple: D:4-7

Altars:
Cheibriados
Kikubaaqudgha
Makhleb

Shops:
D:1 ?

Annotations:
D:3 1 runed translucent door, Crazy Yiuf


Message History

Found a glowing cloak, a fuming yellow potion and a leather armour.
There is a stone staircase leading up here.
An orc is nearby!
Waypoint 5 assigned to D:6.
You shoot an arrow. The arrow barely misses the orc.
You shoot an arrow. The arrow hits the orc!
You kill the orc!
A two-headed ogre comes into view.
It is wielding a +0 giant spiked club and a +0 giant club.
Found a scroll of identify.
You shoot an arrow. The arrow hits the two-headed ogre!
The two-headed ogre is lightly wounded.
You shoot an arrow. The arrow hits the two-headed ogre!
The two-headed ogre is moderately wounded.
You shoot an arrow. The arrow hits the two-headed ogre!
The two-headed ogre is moderately wounded.
You shoot an arrow. The arrow hits the two-headed ogre.
The two-headed ogre is heavily wounded.
You shoot an arrow. The arrow hits the two-headed ogre!
The two-headed ogre is severely wounded.
You shoot an arrow. The arrow hits the two-headed ogre.
The two-headed ogre is severely wounded.
The two-headed ogre closely misses you. x2
You shoot an arrow. The arrow hits the two-headed ogre.
The two-headed ogre is severely wounded.
You shoot an arrow.
The arrow barely misses the two-headed ogre.
The two-headed ogre closely misses you.
The two-headed ogre hits you with a +0 giant club!
You shoot an arrow.
The arrow hits the two-headed ogre but does no damage.
The two-headed ogre is severely wounded.
The two-headed ogre hits you with a +0 giant spiked club!!
Ouch! That really hurt!
The two-headed ogre closely misses you.
3661 ||| DRINKING 2 potions of heal wounds.
You feel much better.
You shoot an arrow.
The arrow barely misses the two-headed ogre.
The two-headed ogre hits you with a +0 giant spiked club!!!
Ouch! That really hurt!
You die...

... ?###
###..###...
.........#.[
...[....#.!
..........
#......# .
#......#..
#.@O....).
#......#..
#.<....#
#......#
#......#
########


You could see a two-headed ogre.

Vanquished Creatures
  A black bear (D:5)
  A phantom (D:5)
  3 hounds
  Robin (D:3)
  3 gnolls (D:3)
  4 adders
  An ufetubus (D:5)
  3 worms
  5 dart slugs
  7 orcs
  11 bats
  8 endoplasms
  5 giant cockroaches
  16 goblins
  12 hobgoblins
  4 quokkas
  6 ball pythons
  7 frilled lizards
  6 kobolds
  7 rats
111 creatures vanquished.

Notes
Turn   | Place    | Note
-------+----------+-------------------------------------------
     0 | D:1      | qw the Deep Elf Hunter began the quest for the Orb.
     0 | D:1      | Reached XP level 1. HP: 12/12 MP: 3/3
     0 | D:1      | 0 ||| qw: Version: 0.3-a-9-g12657ce
     0 | D:1      | 0 ||| qw: Game counter: 3833
     0 | D:1      | 0 ||| qw: Always use a shield: true
     0 | D:1      | 0 ||| qw: God list: Okawaru
     0 | D:1      | 0 ||| qw: Allow faded altars: false
     0 | D:1      | 0 ||| qw: Do Orc after D:15 true
     0 | D:1      | 0 ||| qw: Do second Lair branch before Depths: true
     0 | D:1      | 0 ||| qw: Lair rune preference: random
     0 | D:1      | 0 ||| qw: Plans: Normal
     0 | D:1      | 0 ||| PLANNING D:1-11
   134 | D:1      | Reached XP level 2. HP: 14/16 MP: 4/4
   157 | D:1      | Reached skill level 6 in Ranged Weapons
   459 | D:1      | Found Hitof's Magic Scroll Shoppe.
   464 | D:1      | 464 ||| SHOPLISTING scroll of identify (24 gold, have 23).
   464 | D:1      | 464 ||| SHOPLISTING scroll of teleportation (36 gold, have
                  | 23).
   607 | D:1      | Reached XP level 3. HP: 20/20 MP: 5/5
   789 | D:1      | 789 ||| UPGRADING to +0 scale mail.
   799 | D:1      | 799 ||| DROPPING +0 leather armour.
   800 | D:1      | 800 ||| UPGRADING to amulet of the acrobat.
   805 | D:1      | 805 ||| READING 2 scrolls labelled JAIQ WISIVYZE.
   806 | D:1      | 806 ||| DROPPING scroll of butterflies.
   828 | D:2      | 828 ||| STAIRDANCE
   955 | D:2      | Reached skill level 7 in Ranged Weapons
  1157 | D:2      | You fall into a shaft and drop 2 floors!
  1232 | D:4      | Reached XP level 4. HP: 25/25 MP: 6/6
  1233 | D:4      | Identified the +1 leather armour of the Spheres {*Slow
                  | rF+++}
  1236 | D:4      | 1236 ||| UPGRADING to +1 leather armour of the Spheres
                  | {*Slow rF+++}.
  1246 | D:4      | 1246 ||| READING 3 scrolls labelled LESTAM WEATSACKEU.
  1247 | D:4      | 1247 ||| READING scroll labelled KOUNUA DUYMA.
  1248 | D:4      | 1248 ||| DROPPING 2 scrolls of vulnerability.
  1482 | D:3      | 1482 ||| UPGRADING to +0 helmet.
  1487 | D:3      | 1487 ||| DROPPING +0 scale mail.
  1488 | D:3      | 1488 ||| UPGRADING to +0 pair of gloves.
  1493 | D:3      | 1493 ||| READING 3 scrolls labelled USOKYIXISK.
  1494 | D:3      | 1494 ||| READING 2 scrolls of enchant weapon.
  1494 | D:3      | 1494 ||| ENCHANTING +1 shortbow.
  1495 | D:3      | 1495 ||| READING scroll of enchant weapon.
  1495 | D:3      | 1495 ||| ENCHANTING +2 shortbow.
  1496 | D:3      | 1496 ||| READING 4 scrolls of identify.
  1496 | D:3      | 1496 ||| IDENTIFYING sedimented yellow potion
  1497 | D:3      | 1497 ||| READING 3 scrolls of identify.
  1497 | D:3      | 1497 ||| IDENTIFYING inky potion
  1498 | D:3      | 1498 ||| READING 2 scrolls of identify.
  1498 | D:3      | 1498 ||| IDENTIFYING ruby potion
  1499 | D:3      | 1499 ||| DROPPING potion of magic.
  1500 | D:3      | 1500 ||| DROPPING potion of ambrosia.
  1507 | D:3      | Reached skill level 8 in Ranged Weapons
  1539 | D:3      | 1539 ||| FLEEEEING.
  1540 | D:3      | 1540 ||| FLEEEEING.
  1541 | D:3      | 1541 ||| FLEEEEING.
  1542 | D:3      | 1542 ||| STAIRDANCE
  1637 | D:2      | Found an ancient bone altar of Kikubaaqudgha.
  1797 | D:2      | 1797 ||| READING 2 scrolls labelled FITRIM OS YCI.
  1798 | D:2      | 1798 ||| READING scroll labelled LUITAKLAENU.
  1799 | D:2      | 1799 ||| READING scroll labelled LOUSAR FOKLAT.
  1900 | D:2      | 1900 ||| DRINKING 3 murky yellow potions.
  1900 | D:2      | Gained mutation: You occasionally shout uncontrollably at
                  | your foes. [potion of mutation]
  1900 | D:2      | Gained mutation: Armour fits poorly on your strangely
                  | shaped body. [potion of mutation]
  1901 | D:2      | 1901 ||| DRINKING 2 purple potions.
  1902 | D:2      | 1902 ||| DROPPING scroll of poison.
  1982 | D:3      | Noticed Robin
  1990 | D:3      | Reached XP level 5. HP: 19/29 MP: 7/7
  1993 | D:3      | Killed Robin
  2043 | D:3      | 2043 ||| FLEEEEING.
  2240 | D:3      | Found a runed translucent door.
  2241 | D:3      | Noticed Crazy Yiuf
  2429 | D:3      | 2429 ||| READING 3 scrolls of identify.
  2429 | D:3      | 2429 ||| IDENTIFYING black potion
  2430 | D:3      | 2430 ||| READING 2 scrolls of identify.
  2430 | D:3      | 2430 ||| IDENTIFYING bubbling clear potion
  2431 | D:3      | 2431 ||| DROPPING potion of berserk rage.
  2432 | D:3      | 2432 ||| DROPPING potion of degeneration.
  2483 | D:4      | Reached skill level 9 in Ranged Weapons
  2803 | D:4      | 2803 ||| DROPPING amulet of magic regeneration.
  2804 | D:4      | 2804 ||| READING scroll labelled OTEEJE POUSEZEOL.
  2894 | D:5      | Entered Level 5 of the Dungeon
  2907 | D:5      | Found a burning altar of Makhleb.
  3095 | D:5      | Reached skill level 3 in Dodging
  3177 | D:5      | Found a snail-covered altar of Cheibriados.
  3197 | D:5      | Reached XP level 6. HP: 35/35 MP: 8/8
  3290 | D:5      | Reached skill level 10 in Ranged Weapons
  3640 | D:5      | 3640 ||| READING scroll labelled EGRAXO MURGHO.
  3641 | D:5      | 3641 ||| READING scroll labelled ADOSMI YSHUU.
  3651 | D:6      | Noticed a two-headed ogre
  3660 | D:6      | HP: 7/35 [two-headed ogre/+0 giant spiked club (20)]
  3661 | D:6      | 3661 ||| DRINKING 2 potions of heal wounds.
  3662 | D:6      | Mangled by a two-headed ogre

Levels and vault maps discovered:
D:1:      onia_arrival_pyramid, layout_basic, serial_shops,
          nicolae_shop_pleasant_corner_grove
D:2:      layout_loops_ring, basic_altar
D:3:      layout_basic, st_stairs_12, uniq_robin, uniq_crazy_yiuf_cottage
D:4:      layout_rooms
D:5:      layout_loops_ring, mainiacjoe_overflow_cross_hatched,
          lightli_temple_of_fire, chequers_serial_rivers_micro_c
D:6:      layout_rooms, nemelex_dance_club_becter, temple_statues,
          serial_bayou_ford_a, uniq_edmund

Skill      XL: |  1  2  3  4  5  6 |
---------------+-------------------+-----
Ranged Weapons | 6 7 8 9 10 | 10.3
Dodging        | 3 |  3.1
Fighting       | 2 |  2.0
Stealth        | |  1.2

Action                     |  1- 3 |  4- 6 || total
---------------------------+-------+-------++-------
   Fire: Shortbow          |   110 |   172 ||   282
    Use: Scroll            |     1 |    16 ||    17
         Potion            |       |     3 ||     3
 Armour: Leather armour    |     4 |    18 ||    22
         Scale mail        |    24 |       ||    24
  Dodge: Dodged            |    26 |    41 ||    67

Table legend:
 A = Non-vault XP
 B = Vault XP
 C = Vault XP percentage of total XP
 D = Non-vault monster count
 E = Vault monster count
 F = Vault count percentage of total count
                 A         B        C        D         E       F
            +---------+---------+-------+---------+---------+-------
      Total |     614 |      39 |   6.0 |      97 |      14 |  12.6
            +---------+---------+-------+---------+---------+-------
        D:1 |      56 |       0 |   0.0 |      28 |       0 |   0.0
        D:2 |      39 |       0 |   0.0 |      19 |       0 |   0.0
        D:3 |      97 |      39 |  28.7 |      22 |      14 |  38.9
        D:4 |      78 |       0 |   0.0 |      16 |       0 |   0.0
        D:5 |     341 |       0 |   0.0 |      11 |       0 |   0.0
        D:6 |       3 |       0 |   0.0 |       1 |       0 |   0.0
            +---------+---------+-------+---------+---------+-------
